 Dungeon Crawl Stone Soup version 0.31-a0-7-g51783674b7 (webtiles) character file.

Game seed: 8458795311878419487

278 Dittersdorf the Shield-Bearer (level 6, -10/39 HPs)
             Began as a Gargoyle Fighter on May 5, 2023.
             Mangled by an ogre
             ... wielding a +0 giant club
              (22 damage)
             ... on level 4 of the Dungeon.
             The game lasted 00:02:46 (2984 turns).

Dittersdorf the Shield-Bearer (Gargoyle Fighter)    Turns: 2984, Time: 00:02:47

Health: -10/39     AC: 11    Str: 21    XL:     6   Next: 26%
Magic:  15/15      EV:  9    Int:  9    God:
Gold:   121        SH:  4    Dex:  9    Spells: 5/5 levels left

rFire   . . .        a - +0 flail
rCold   . . .        c - +0 buckler
rNeg    + . .        b - +0 scale mail
rPois   ∞            (no helmet)
rElec   +            (no cloak)
rCorr   .            (no gloves)
SInv    +            (no boots)
Will    .....        (no amulet) Stlth
                     p - ring of see invisible
HPRegen 0.26/turn    h - ring of magical power
MPRegen 0.14/turn

%: no passive effects
@: no status effects
A: sickness immunity, AC +4, negative energy resistance 1, electricity
resistance, torment resistance 1, petrification resistance
a: no special abilities


You were on level 4 of the Dungeon.
You visited 1 branch of the dungeon, and saw 4 of its levels.

You collected 121 gold pieces.

Inventory:

Hand Weapons
 a - a +0 flail (weapon)
Missiles
 r - 6 poisoned darts (quivered)
Armour
 b - a +0 scale mail (worn)
 c - a +0 buckler (worn)
Jewellery
 h - a ring of magical power (right hand)
 p - a ring of see invisible (left hand)
Scrolls
 f - a scroll of enchant armour {unknown}
 m - a scroll of acquirement {unknown}
 n - 4 scrolls of identify {unknown}
 o - a scroll of vulnerability {unknown}
 q - 2 scrolls of blinking {unknown}
 s - a scroll of noise {unknown}
 t - a scroll of brand weapon {unknown}
Potions
 d - 3 potions of might
 e - a potion of heal wounds {unknown}
 g - 2 potions of flight {unknown}
 i - a potion of mutation {unknown}
 j - 2 potions of curing {unknown}
 k - a potion of attraction {unknown}
 l - a potion of brilliance {unknown}


   Skills:
 + Level 4.7 Fighting
 + Level 3.5 Maces & Flails
 + Level 4.6 Armour
 + Level 4.7 Shields


You had 5 spell levels left.
You didn't know any spells.
Your spell library was empty.

Dungeon Overview and Level Annotations

Branches:
Dungeon (4/15)
 Temple: D:4-7

Altars:
Kikubaaqudgha

Annotations:
D:3 2 transporters, oldplebian's ghost, weakling DgEE


Innate Abilities, Weirdness & Mutations

You are immune to sickness and miasma.
Your stone body is resilient. (AC +4)
You are immune to poison.
You resist negative energy. (rN+)
You are resistant to electric shocks. (rElec)
You are resistant to unholy torment.
You are immune to petrification.


Message History

No target in view!
No target in view!
No target in view!
No target in view!
No target in view!
No target in view!
No target in view!
No target in view!
Found an ancient bone altar of Kikubaaqudgha.
An ogre comes into view. It is wielding a +0 giant club.
The ogre shouts!
You hear a shout!
Found a stone staircase leading up.
You sock the ogre!
The ogre is moderately wounded.
The ogre hits you with a +0 giant club!!
Ouch! That really hurt!
You are too injured to fight recklessly!
You are too injured to fight recklessly!
You are too injured to fight recklessly!
You are too injured to fight recklessly!
You are too injured to fight recklessly!
You are too injured to fight recklessly!
You are too injured to fight recklessly!
You are too injured to fight recklessly!
You are too injured to fight recklessly!
You are too injured to fight recklessly!
You are too injured to fight recklessly!
You are too injured to fight recklessly!
You are too injured to fight recklessly!
You are too injured to fight recklessly!
You are too injured to fight recklessly!
You barely miss the ogre.
The ogre is moderately wounded.
The ogre hits you with a +0 giant club.
* * * LOW HITPOINT WARNING * * *
You barely miss the ogre.
The ogre is moderately wounded.
The ogre hits you with a +0 giant club!!
Ouch! That really hurt!
You die...

#... #..#.# ##..
#...##..#<### ...
##...........##...
........###...#.#
####....###.....###.
####.##....#.....
≈§≈≈≈..#...........#
.....≈.#.###..##.###
.≈§§.≈.### #@.#
≈.§.≈≈. #..O.....#
§§_§§≈.#.....###...#
≈§..§≈§#.....# ...
§≈≈≈§§.#...... #.
#...... #....<.
...##...


You could see an ogre.

Vanquished Creatures
  Sigmund (D:3)
  A scorpion (D:3)
  An adder (D:2)
  A worm (D:3)
  A dart slug (D:1)
  2 orcs (D:3)
  4 ball pythons
  7 bats
  4 endoplasms
  A giant cockroach (D:3)
  2 goblins
  5 hobgoblins
  8 kobolds
  A frilled lizard (D:1)
  5 rats
44 creatures vanquished.

Vanquished Creatures (others)
  117 plants (D:1)
117 creatures vanquished.

Grand Total: 161 creatures vanquished

Notes
Turn   | Place    | Note
-------+----------+-------------------------------------------
     0 | D:1      | Dittersdorf the Gargoyle Fighter began the quest for the
                  | Orb.
     0 | D:1      | Reached XP level 1. HP: 14/14 MP: 1/1
   169 | D:1      | Reached XP level 2. HP: 19/19 MP: 2/2
   649 | D:1      | Reached XP level 3. HP: 23/23 MP: 3/3
  2264 | D:3      | Noticed Sigmund
  2309 | D:3      | Killed Sigmund
  2310 | D:3      | Reached XP level 4. HP: 23/30 MP: 4/4
  2310 | D:3      | Reached XP level 5. HP: 26/34 MP: 5/5
  2392 | D:3      | Reached XP level 6. HP: 24/39 MP: 6/6
  2594 | D:3      | Found a transporter.
  2598 | D:3      | Found a transporter.
  2607 | D:3      | Noticed oldplebian's ghost (weakling DgEE)
  2972 | D:4      | Found an ancient bone altar of Kikubaaqudgha.
  2984 | D:4      | Mangled by an ogre

Illustrated notes

Levels and vault maps discovered:
D:1:      roderic_crop_circles_arrival_large, layout_loops_ring
D:2:      layout_loops_cross
D:3:      layout_basic, gammafunk_ghost_arena, minmay_stone_trees_small,
          uniq_sigmund
D:4:      wad_pebble_path, layout_cave_pools, mainiacjoe_overflow_paths,
          makhleb_altar_promises_db, uniq_eustachio, uniq_menkaure

Skill      XL: |  1  2  3 |
---------------+----------+-----
Fighting       | 4 |  4.7
Maces & Flails | 3 |  3.5
Armour         | 4 |  4.6
Shields        | 4 |  4.7

Action                     |  1- 3 |  4- 6 || total
---------------------------+-------+-------++-------
  Melee: Flail             |   522 |    39 ||   561
  Throw: Dart              |     6 |       ||     6
 Armour: Scale mail        |    66 |    20 ||    86
  Dodge: Dodged            |    66 |    15 ||    81
  Block: Buckler           |    34 |     4 ||    38

Table legend: (Time is in decaauts)
 A = Elapsed time spent in this place.
 B = Non-inter-level travel time spent in this place.
 C = Inter-level travel time spent in this place.
 D = Time resting spent in this place.
 E = Time spent auto-exploring this place.
 F = Levels seen in this place.
 G = Mean time per level.
                   A        B        C        D        E       F      G
               +--------+--------+--------+--------+--------+-----+--------+
         Total |   3158 |   3013 |    145 |      0 |   1810 |   4 |  789.5 |
       Dungeon |   3158 |   3013 |    145 |      0 |   1810 |   4 |  789.5 |
               +--------+--------+--------+--------+--------+-----+--------+

Top non-repeatable levels by time:
     D:1: 1653 daAuts
     D:3: 767 daAuts
     D:2: 716 daAuts
     D:4: 22 daAuts
